 Dungeon Crawl Stone Soup version 0.20.0-10-g0535bb4 (webtiles) character file.

131 xgamer67 the Grave Robber (level 4, 8/40 HPs)
             Began as a Deep Dwarf Necromancer on June 8, 2017.
             Quit the game on level 6 of the Dungeon.
             The game lasted 00:11:15 (3512 turns).

xgamer67 the Grave Robber (Deep Dwarf Necromancer)  Turns: 3512, Time: 00:11:16

Health: 8/40       AC:  2    Str: 12    XL:     4   Next: 91%
Magic:  7/7        EV: 12    Int: 27    God:
Gold:   236        SH:  0    Dex: 13    Spells: 2/7 levels left

rFire    . . .     SeeInvis .   g - +0 spear
rCold    . . .     Gourm    .   (no shield)
rNeg     . . .     Faith    .   a - +0 robe
rPois    .         Spirit   .   (no helmet)
rElec    .         Reflect  .   (no cloak)
rCorr    .         Harm     .   (no gloves)
MR       .....                  (no boots)
Stlth    ++........             (no amulet)
Regen    0.0/turn               r - +6 ring of intelligence
MPRegen  0.1/turn               m - +5 ring of intelligence

@: non-regenerating
A: damage resistance, heal wounds, sense surroundings 1, no regeneration
a: Heal Wounds


You were on level 6 of the Dungeon.
You were not hungry.

You visited 1 branch of the dungeon, and saw 6 of its levels.

You collected 236 gold pieces.

Inventory:

Hand Weapons
 g - a +0 spear (weapon)
Missiles
 e - 74 stones (quivered)
 n - 2 tomahawks
Armour
 a - a +0 robe (worn)
 f - a +0 leather armour
 w - a +0 plate armour
Jewellery
 m - a +5 ring of intelligence (right hand)
 o - a +3 ring of dexterity
 r - a +6 ring of intelligence (left hand)
Scrolls
 p - a scroll of remove curse
 s - a scroll of enchant armour
 v - 3 scrolls of identify
 x - a scroll of teleportation {unknown}
 y - a scroll of recharging {unknown}
Potions
 d - a potion of resistance {unknown}
 h - a potion of cancellation {unknown}
 i - 2 potions of brilliance {unknown}
 j - a potion of haste {unknown}
 k - 4 potions of curing {unknown}
 l - 3 potions of lignification {unknown}
 t - a potion of might {unknown}
 u - a potion of berserk rage {unknown}
 B - a potion of ambrosia {unknown}
Books
 b - a book of Necromancy

   Spells                             Type                      Level
   a - Pain                           Necromancy                   1
   b - Animate Skeleton               Necromancy                   1
   c - Vampiric Draining              Necromancy                   3
   d - Regeneration                   Charms/Necromancy            3
   e - Animate Dead                   Necromancy                   4
   f - Control Undead                 Necromancy                   4
Comestibles
 c - 5 bread rations
 z - a royal jelly
 A - 4 fruits


   Skills:
 + Level 2.4 Fighting
 - Level 2.1 Dodging
 - Level 2.4 Stealth
 - Level 2.0 Spellcasting
 + Level 5.9 Necromancy


You had 2 spell levels left.
You knew the following spells:

 Your Spells              Type           Power        Failure   Level  Hunger
a - Pain                  Necr           ####         1%          1    None
b - Vampiric Draining     Necr           ####......   2%          3    ###....
A - Animate Skeleton      Necr           N/A          1%          1    None


Dungeon Overview and Level Annotations

Branches:
Dungeon (6/15)
 Temple: D:4-7

Altars:
Fedhas
Qazlal
Xom

Annotations:
D:5 exclusion: skeleton
D:6 Prince Ribbit


Innate Abilities, Weirdness & Mutations

You are resistant to damage.
You can heal yourself by infusing magical energy.
You passively map a small area around you.
You do not regenerate.


Message History

The gnoll hits you from afar with a spear!
There is an escape hatch in the floor here.
You slide downwards.
The hatch slams shut behind you.
A bullfrog, a worker ant, a scorpion and Prince Ribbit come into view.
The worker ant twitches its antennae in your direction.
Found a shimmering altar of Xom.
Found 17 stones.
Prince Ribbit gives a loud, deep croak!
As you read the scroll labeled YXOPRI OMYU, it crumbles to dust.
It is a scroll of identify.
s - a scroll of enchant armour Prince Ribbit croaks regally.
Found a bread ration and 20 bolts.
Prince Ribbit hits you!
* * * LOW HITPOINT WARNING * * *
You feel much better.
Prince Ribbit catches a moth with his tongue.
Prince Ribbit barely misses you. Prince Ribbit hits you!
* * * LOW HITPOINT WARNING * * *
Are you sure you want to abandon this character and quit the game? (Confirm with "yes".)

#.... ,..# #....
(. #....######.
#....... .%# * *
###....s.###.#
.............# ,
#..._F...a.#
#........F.##.####
#.......##@......#
#####...##.(.....#
######.......#
#.###+### , #.., >
### ,


You could see Prince Ribbit, a bullfrog (wandering), a scorpion and a worker
ant.

Vanquished Creatures
  A gnoll (D:5)
  3 adders
  An ooze (D:3)
  3 worms
  4 leopard geckos (D:1)
  5 orcs
  5 giant cockroaches
  8 goblins
  4 hobgoblins
  4 jackals (D:2)
  A quokka (D:3)
  A ball python (D:3)
  6 bats
  13 frilled lizards
  10 kobolds
  6 rats
75 creatures vanquished.

Notes
Turn   | Place    | Note
-------+----------+-------------------------------------------
     0 | D:1      | xgamer67 the Deep Dwarf Necromancer began the quest for the Orb.
     0 | D:1      | Reached XP level 1. HP: 15/15 MP: 3/3
   433 | D:1      | Reached XP level 2. HP: 22/24 MP: 0/4
   436 | D:1      | Learned a level 1 spell: Animate Skeleton
   683 | D:1      | Reached skill level 1 in Fighting
   869 | D:1      | Reached skill level 5 in Necromancy
  1210 | D:1      | Reached XP level 3. HP: 28/31 MP: 5/5
  1646 | D:2      | Learned a level 3 spell: Vampiric Draining
  2101 | D:2      | Found a blossoming altar of Fedhas.
  2130 | D:2      | Reached XP level 4. HP: 35/39 MP: 2/7
  2355 | D:3      | Found a stormy altar of Qazlal.
  2843 | D:3      | Noticed a phantom
  3330 | D:5      | Entered Level 5 of the Dungeon
  3433 | D:5      | Noticed a gnoll sergeant
  3504 | D:6      | Found a shimmering altar of Xom.
  3504 | D:6      | Noticed Prince Ribbit
  3504 | D:6      | Noticed a bullfrog
  3509 | D:6      | HP: 2/40 [Prince Ribbit (16)]
  3512 | D:6      | Quit the game

Skill      XL: |  1  2  3 |
---------------+----------+-----
Fighting       | 1 2 |  2.4
Necromancy     | 5 |  5.9
Spellcasting   | 2 |  2.0
Dodging        | |  2.1
Stealth        | |  2.4

Action                   |  1- 3 |  4- 6 || total
-------------------------+-------+-------++-------
Melee: Unarmed           |     1 |       ||     1
       Spear             |    44 |    19 ||    63
 Cast: Pain              |    66 |    48 ||   114
       Vampiric Draining |     2 |     3 ||     5
 Abil: Heal Wounds       |       |     1 ||     1
  Use: Scroll            |     2 |     1 ||     3
 Stab: Sleeping          |     3 |     2 ||     5
       Distracted        |       |     1 ||     1
  Eat: Chunk             |     4 |     5 ||     9
Armor: Robe              |     6 |     5 ||    11
Dodge: Dodged            |    39 |    19 ||    58
